 Dungeon Crawl Stone Soup version 0.30.1-3-gfc49f6343a (webtiles) character file.

Game seed: 3888121954040758926

875 bibisbabis the Trooper (level 7, 50/91 HPs)
             Began as a Yellow Draconian Berserker on July 29, 2023.
             Was a Priest of Trog.
             Quit the game on level 5 of the Dungeon.
             The game lasted 00:52:22 (3319 turns).

bibisbabis the Trooper (Yellow Draconian Berserker) Turns: 3319, Time: 00:52:23

Health: 50/91      AC: 23    Str: 21    XL:     7   Next: 74%
Magic:  7/7        EV:  2    Int:  7    God:    Trog [***...]
Gold:   84         SH:  0    Dex: 11    Spells: 6/6 levels left

rFire   . . .        w - +4 flail (freeze)
rCold   . . .        (no shield)
rNeg    . . .        (body armour unavailable)
rPois   +            (helmet currently unavailable)
rElec   .            (cloak currently unavailable)
rCorr   .            (gloves currently unavailable)
SInv    +            (boots currently unavailable)
Will    .....        n - amulet of regeneration
Stlth   +            c - +5 ring of evasion
HPRegen 1.15/turn    (no ring)
MPRegen 0.10/turn

%: no passive effects
@: confused, tree-form
A: stationary, stasis, torment immunity, boosted hp, (spit acid), AC +6,
unfitting armour, (cold-blooded), (acid resistance), see invisible, noise
suppression
a: Renounce Religion, Berserk, Trog's Hand


You were on level 5 of the Dungeon.
You worshipped Trog.
Trog was most pleased with you.
You were a tree.
You visited 1 branch of the dungeon, and saw 5 of its levels.

You collected 141 gold pieces.
You spent 57 gold pieces at shops.

Inventory:

Hand Weapons
 a - a +0 hand axe of electrocution
 w - a +4 flail of freezing (weapon)
 x - a +3 short sword
Missiles
 m - 50 stones
 q - 5 curare-tipped darts (quivered)
 r - 3 boomerangs
 v - 12 poisoned darts
Jewellery
 c - a +5 ring of evasion (left branch)
 n - an amulet of regeneration (around neck)
Scrolls
 e - 2 scrolls of teleportation
 g - 4 scrolls of blinking
 l - 2 scrolls of fog
 p - a scroll of enchant armour {unknown}
Potions
 b - a potion of brilliance {unknown}
 f - a potion of invisibility
 j - a potion of lignification
 k - a potion of magic {unknown}
 t - a potion of curing
 u - a potion of heal wounds {unknown}


   Skills:
 + Level 5.1 Fighting
 + Level 3.6 Long Blades
 + Level 4.0(4.7) Axes
 + Level 3.4(4.4) Maces & Flails
 + Level 4.5 Dodging
 + Level 2.9 Stealth


You had 6 spell levels left.
You didn't know any spells.
Your spell library was empty.

Dungeon Overview and Level Annotations

Branches:
Dungeon (5/15)
 Temple: D:4-7

Altars:
Elyvilon
Hepliaklqana
Kikubaaqudgha
Trog
Wu Jian

Shops:
D:5 *

Annotations:
D:5 Sigmund


Innate Abilities, Weirdness & Mutations

You are a tree.
Your roots penetrate the ground, keeping you stationary.
You cannot be teleported.
You are immune to unholy pain and torment.
Your maximum health is greatly increased.
Your equipment is partially melded.
((You can spit globs of acid.))
((Your golden yellow scales are hard. (AC +6)))
You cannot fit into any form of body armour.
((You are cold-blooded and may be slowed by cold attacks.))
((You are resistant to acid. (rCorr)))
You have supernaturally acute eyesight. (SInv)
You passively dampen the noise of your surroundings.


Message History

You cannot move. (Use ctrl+direction or * direction to attack while stationary and confused.)
You cannot move. (Use ctrl+direction or * direction to attack while stationary and confused.)
You cannot move. (Use ctrl+direction or * direction to attack while stationary and confused.)
You cannot move. (Use ctrl+direction or * direction to attack while stationary and confused.)
You cannot move. (Use ctrl+direction or * direction to attack while stationary and confused.)
You cannot move. (Use ctrl+direction or * direction to attack while stationary and confused.)
You cannot move. (Use ctrl+direction or * direction to attack while stationary and confused.)
You cannot move. (Use ctrl+direction or * direction to attack while stationary and confused.)
You cannot move. (Use ctrl+direction or * direction to attack while stationary and confused.)
You cannot move. (Use ctrl+direction or * direction to attack while stationary and confused.)
You cannot move. (Use ctrl+direction or * direction to attack while stationary and confused.)
You cannot move. (Use ctrl+direction or * direction to attack while stationary and confused.)
You cannot move. (Use ctrl+direction or * direction to attack while stationary and confused.)
You cannot move. (Use ctrl+direction or * direction to attack while stationary and confused.)
You cannot move. (Use ctrl+direction or * direction to attack while stationary and confused.)
You cannot move. (Use ctrl+direction or * direction to attack while stationary and confused.)
You cannot move. (Use ctrl+direction or * direction to attack while stationary and confused.)
You cannot move. (Use ctrl+direction or * direction to attack while stationary and confused.)
You cannot move. (Use ctrl+direction or * direction to attack while stationary and confused.)
You cannot move. (Use ctrl+direction or * direction to attack while stationary and confused.)
You cannot move. (Use ctrl+direction or * direction to attack while stationary and confused.) Unknown command.
Unknown command.
You cannot move. (Use ctrl+direction or * direction to attack while stationary and confused.)
You cannot move. (Use ctrl+direction or * direction to attack while stationary and confused.)
You cannot move. (Use ctrl+direction or * direction to attack while stationary and confused.)
You cannot move. (Use ctrl+direction or * direction to attack while stationary and confused.)
You cannot move. (Use ctrl+direction or * direction to attack while stationary and confused.)
You cannot move. (Use ctrl+direction or * direction to attack while stationary and confused.)
You cannot move. (Use ctrl+direction or * direction to attack while stationary and confused.)
Okay, then.
Okay, then.
You cannot move. (Use ctrl+direction or * direction to attack while stationary and confused.)
You cannot move. (Use ctrl+direction or * direction to attack while stationary and confused.)
You cannot move. (Use ctrl+direction or * direction to attack while stationary and confused.)
You cannot move. (Use ctrl+direction or * direction to attack while stationary and confused.)
You cannot move. (Use ctrl+direction or * direction to attack while stationary and confused.)
You cannot move. (Use ctrl+direction or * direction to attack while stationary and confused.) Unknown command.
Are you sure you want to abandon this character and quit the game? (Confirm with "yes".)

..........# *,**,,,,,
###.....######## *,**,***,
§§##....##∩.∩.∩## *,**,***,
≈≈§####.........#### *,**,,,**
§≈≈§####....⌠......#*****,**,,,+,
§≈≈§≈###...........##,,,,,**,,,**
≈≈§§≈≈##.#∩.∩.∩#....+,,,,,,,,,,,,
≈≈≈≈≈≈≈#.#######...##,,,,,,,,,,,,
≈≈≈§§≈≈#.# #.@.♣..#*,,,,,,,,,,,,
≈≈≈§§≈≈#.# #......#**,,,,,,,,,,,
§§§§≈≈≈#.# #......#,,,**,,,,,,,,
≈≈§§≈≈§#.# #........********+***
≈§≈≈§≈≈*,* #.[.....##*,,,,,,,,,*
≈≈≈≈≈≈≈*,* ######.##**,,,,,,,,**
≈§≈§§≈≈*,* *..,,,,,,,,,,,*~
§≈≈§≈≈#*,******* *...,,,,,,,,,,*~
≈§≈§§##*,,,,,,,* *,,,,,******+,+~


You could see Sigmund (invisible).

Vanquished Creatures
  An orc warrior (D:5)
  An ogre (D:4)
  A phantom (D:4)
  A necrophage (D:4)
  A scorpion (D:4)
  4 wights
  An orc priest (D:3)
  2 scorpion zombies (D:4)
  2 orc wizards
  A mummy (D:4)
  3 adders
  3 adder zombies (D:4)
  4 dart slugs (D:2)
  9 orcs
  6 ball pythons
  9 bats
  3 endoplasms
  2 giant cockroaches
  5 goblins
  8 hobgoblins
  15 jackals
  4 quokkas
  3 frilled lizards (D:1)
  5 kobolds
  A quokka zombie (D:4)
  9 rats
104 creatures vanquished.

Notes
Turn   | Place    | Note
-------+----------+-------------------------------------------
     0 | D:1      | bibisbabis the Draconian Berserker began the quest for the
                  | Orb.
     0 | D:1      | Reached XP level 1. HP: 19/19 MP: 1/1
    64 | D:1      | Reached XP level 2. HP: 14/26 MP: 2/2
   333 | D:2      | Reached XP level 3. HP: 20/33 MP: 3/3
   443 | D:2      | Reached ** piety under Trog
   867 | D:1      | Reached XP level 4. HP: 40/40 MP: 4/4
   885 | D:1      | Found a faded altar of an unknown god.
   997 | D:1      | Reached skill level 4 in Fighting
  1522 | D:3      | Reached skill level 1 in Maces & Flails
  1624 | D:3      | Reached XP level 5. HP: 25/46 MP: 5/5
  1788 | D:3      | Reached *** piety under Trog
  1943 | D:3      | Gained mutation: You are frail. (-10% HP) [potion of
                  | mutation]
  1943 | D:3      | Gained mutation: You possess an exceptional clarity of
                  | mind. [potion of mutation]
  1957 | D:3      | Lost mutation: You possess an exceptional clarity of mind.
                  | [potion of mutation]
  1957 | D:3      | Lost mutation: You are frail. (-10% HP) [potion of
                  | mutation]
  1957 | D:3      | Gained mutation: You have supernaturally acute eyesight.
                  | (SInv) [potion of mutation]
  1957 | D:3      | Gained mutation: You passively dampen the noise of your
                  | surroundings. [potion of mutation]
  1960 | D:3      | Reached skill level 1 in Stealth
  2003 | D:3      | Found a hazy altar of Hepliaklqana.
  2376 | D:4      | Noticed a phantom
  2404 | D:4      | Killed a phantom
  2405 | D:4      | Reached skill level 1 in Axes
  2437 | D:4      | Reached XP level 6. HP: 51/53 MP: 6/6
  2457 | D:4      | Found a bloodstained altar of Trog.
  2649 | D:4      | Found a white marble altar of Elyvilon.
  2767 | D:4      | Your scales start taking on a golden yellow colour.
  2767 | D:4      | Reached XP level 7. HP: 60/60 MP: 7/7
  2767 | D:4      | Gained mutation: You are resistant to acid. (rCorr) [Yellow
                  | Draconian growth]
  2774 | D:4      | Found an ancient bone altar of Kikubaaqudgha.
  2965 | D:4      | Found an ornate altar of the Wu Jian Council.
  3147 | D:4      | Reached **** piety under Trog
  3188 | D:5      | Entered Level 5 of the Dungeon
  3231 | D:5      | Reached skill level 5 in Fighting
  3298 | D:5      | Found Difasunt's CLEARANCE SALE!.
  3307 | D:5      | Bought a +0 hand axe of electrocution for 57 gold pieces
  3315 | D:5      | Noticed Sigmund
  3319 | D:5      | Quit the game

Illustrated notes

Levels and vault maps discovered:
D:1:      wander_arrival_chamber, layout_rooms, serial_forest,
          infiniplex_forest_clump_curved, infiniplex_forest_lined_2,
          infiniplex_forest_straight_2, infiniplex_forest_clump_C,
          infiniplex_forest_lined_2, infiniplex_forest_end_2,
          infiniplex_forest_end_2, infiniplex_forest_lined_3,
          basic_ecumenical_altar, amcnicky_mini_pool_small
D:2:      kennysheep_six_static_rooms, layout_rooms
D:3:      layout_loops_ring, lemuel_tele_altar, minmay_misc_feat_iff,
          kennysheep_generic_room_13
D:4:      cheibrodos_quashed, layout_basic, mainiacjoe_overflow_tiny_flanked,
          mainiacjoe_overflow_cross_hatched, trog_book,
          lemuel_mausoleum_altar_kikubaaqudgha
D:5:      kennysheep_big_flooded_room, layout_basic, amcnicky_altar_gilded,
          kennysheep_mini_moat, chequers_serial_rivers_room_b,
          nicolae_shop_clearance, uniq_sigmund

Skill      XL: |  1  2  3  4  5  6  7 |
---------------+----------------------+-----
Dodging        | 3 4 |  4.5
Fighting       | 4 5 |  5.1
Maces & Flails | 1 2 3 |  3.4
Stealth        | 1 2 |  2.9
Axes           | 1 2 4 |  4.0
Long Blades    | |  3.6

Action                     |  1- 3 |  4- 6 |  7- 9 || total
---------------------------+-------+-------+-------++-------
  Melee: Falchion          |    89 |       |       ||    89
         Tailslap          |    14 |    15 |    10 ||    39
         Punch             |     1 |     4 |       ||     5
         Mace              |    55 |   109 |       ||   164
         War axe           |       |    66 |       ||    66
         Flail             |       |       |    48 ||    48
    Use: Scroll            |     3 |     5 |     3 ||    11
         Potion            |       |     3 |     1 ||     4
   Stab: Sleeping          |       |     5 |     3 ||     8
 Armour: Skin              |    54 |    29 |     4 ||    87
  Dodge: Dodged            |   170 |   104 |    30 ||   304
